 Dungeon Crawl Stone Soup version 0.31-a0-640-g39d97e502b (webtiles) character file.

Game seed: 12471606568037916252

836 qw the Shooter (level 7, -6/44 HPs)
             Began as a Gargoyle Hunter on Aug 27, 2023.
             Mangled by a gnoll
             ... wielding the +7 great sword of Ihiop {freeze, *Corrode rF++ Int+2}
              (12 damage)
             ... on level 5 of the Dungeon.
             The game lasted 00:01:27 (3490 turns).

qw the Shooter (Gargoyle Hunter)                    Turns: 3490, Time: 00:01:28

Health: -6/44      AC:  9    Str: 15    XL:     7   Next: 99%
Magic:  7/7        EV: 12    Int:  9    God:
Gold:   242        SH:  0    Dex: 15    Spells: 6/6 levels left

rFire   . . .        Y - +0 shortbow
rCold   . . .        (shield currently unavailable)
rNeg    + . .        k - +0 robe {Will+}
rPois   inf          h - +0 helmet
rElec   +            (no cloak)
rCorr   .            (no gloves)
SInv    .            j - +0 pair of boots
Will    +....        (no amulet)
Stlth   ++           (no ring)
HPRegen 0.27/turn    (no ring)
MPRegen 0.10/turn

%: no passive effects
@: no status effects
A: sickness immunity, AC +4, negative energy resistance 1, electricity
resistance, torment resistance 1, petrification resistance
a: no special abilities


You were on level 5 of the Dungeon.
You visited 1 branch of the dungeon, and saw 5 of its levels.

You collected 242 gold pieces.


Innate Abilities, Weirdness & Mutations

You are immune to sickness and miasma.
Your stone body is resilient. (AC +4)
You are immune to poison.
You resist negative energy. (rN+)
You are resistant to electric shocks. (rElec)
You are resistant to unholy torment.
You are immune to petrification.


   Skills:
 - Level 4.8 Fighting
 + Level 7.9 Ranged Weapons
 - Level 3.2 Armour
 - Level 2.0 Dodging
 - Level 1.1 Stealth


You had 6 spell levels left.
You didn't know any spells.
Your spell library was empty.

Inventory:

Hand Weapons
 Y - a +0 shortbow (weapon)
Armour
 a - a +0 ring mail
 h - a +0 helmet (worn)
 j - a +0 pair of boots (worn)
 k - a +0 robe of willpower (worn)
Wands
 f - a wand of digging (5)
Scrolls
 c - 3 scrolls of enchant weapon {unknown}
 g - a scroll of identify
Potions
 b - 4 potions of curing
 d - a potion of resistance
 e - a potion of haste
 i - a potion of enlightenment

Dungeon Overview and Level Annotations

Branches:
Dungeon (5/15)
 Temple: D:4-7

Altars:
Ashenzari
Elyvilon
Fedhas
Kikubaaqudgha
Trog

Annotations:
D:5 1 transporter, qw's ghost, novice GrHs


Message History

You shoot an arrow. The arrow hits the ogre.
The ogre is lightly wounded.
The gnoll hits you but does no damage.
You shoot an arrow. The arrow completely misses the ogre.
The gnoll closely misses you. The ogre hits you with a +0 giant club.
You shoot an arrow. The arrow hits the ogre!
The ogre is heavily wounded.
You hear a shout!
The gnoll hits you from afar with a +0 spear.
The ogre completely misses you.
You hear a shout!
You shoot an arrow. The arrow barely misses the ogre.
The gnoll hits you from afar with a +0 spear.
You shoot an arrow.
The arrow hits the ogre but does no damage.
The ogre is heavily wounded.
You hear a shout!
The gnoll hits you from afar with a +0 spear!
The ogre barely misses you.
You shoot an arrow. The arrow hits the ogre.
The ogre is severely wounded.
The gnoll closely misses you. The ogre misses you.
You shoot an arrow. The arrow hits the ogre.
The ogre is almost dead.
The gnoll hits you from afar with a +0 spear!
You shoot an arrow. The arrow completely misses the ogre.
The gnoll hits you from afar with a +0 spear.
The ogre barely misses you.
You shoot an arrow. The arrow barely misses the ogre.
The gnoll hits you but does no damage. The ogre closely misses you.
You shoot an arrow. The arrow hits the ogre.
You kill the ogre!
A gnoll comes into view.
It is wielding the +7 great sword of Ihiop {freeze, *Corrode rF++ Int+2}.
The gnoll hits you but does no damage.
You shoot an arrow. The arrow closely misses the gnoll.
The gnoll barely misses you. The gnoll closely misses you.
You shoot an arrow. The arrow hits the gnoll!
The gnoll is almost dead.
The gnoll hits you with the +7 great sword of Ihiop {freeze, *Corrode rF++ Int+2}!
You die...

. .###### ......
#...g #... #g.
#g############
#.@.....))...+
#.../...#....#
#.......#....#
#########''''####
.................
~~~~~~~~~....~~~~
~~~~~~~~~....~~~~
~~~~~~~~~....~~~~
.................


You could see 2 gnolls.

Vanquished Creatures
  Sigmund (D:4)
  2 black bears
  An ogre (D:5)
  A scorpion (D:5)
  A gnoll bouda (D:5)
  An iguana (D:5)
  An orc wizard (D:4)
  A sleepcap (D:5)
  Terence (D:3)
  Robin (D:3)
  7 gnolls (D:5)
  2 adders
  3 worms
  A dart slug (D:4)
  12 orcs
  3 ball pythons
  7 endoplasms
  2 giant cockroaches (D:4)
  17 goblins
  7 hobgoblins
  7 jackals
  4 kobolds
  2 quokkas
  6 bats
  3 frilled lizards
  6 rats
100 creatures vanquished.

Notes
Turn   | Place    | Note
-------+----------+-------------------------------------------
     0 | D:1      | qw the Gargoyle Hunter began the quest for the Orb.
     0 | D:1      | Reached XP level 1. HP: 12/12 MP: 1/1
     0 | D:1      | 0 ||| qw: Version: 0.3-a-74-g56b0e0c
     0 | D:1      | 0 ||| qw: Game counter: 2
     0 | D:1      | 0 ||| qw: Melee chars always use a shield: true
     0 | D:1      | 0 ||| qw: God list: Okawaru
     0 | D:1      | 0 ||| qw: Allow faded altars: false
     0 | D:1      | 0 ||| qw: Do Orc after clearing Dungeon:15 true
     0 | D:1      | 0 ||| qw: Do second Lair branch before Depths: true
     0 | D:1      | 0 ||| qw: Lair rune preference: random
     0 | D:1      | 0 ||| qw: Goals: Normal
     0 | D:1      | 0 ||| PLANNING D:1-11
     2 | D:1      | 2 ||| Stepping ~*~*~tactically~*~*~ (water).
    61 | D:1      | Reached XP level 2. HP: 16/17 MP: 2/2
   331 | D:1      | 331 ||| DROPPING ring of magical power.
   332 | D:1      | 332 ||| READING scroll labelled TUCUMO LEETAKUSTE.
   433 | D:1      | 433 ||| READING 4 scrolls labelled DEYMUSIVVO.
   434 | D:1      | 434 ||| DRINKING 2 orange potions.
   435 | D:1      | 435 ||| READING 3 scrolls of identify.
   435 | D:1      | 435 ||| IDENTIFYING bubbling brown potion
   436 | D:1      | 436 ||| DROPPING scroll of butterflies.
   437 | D:1      | 437 ||| DROPPING potion of magic.
   458 | D:2      | Found a broken altar of Ashenzari.
   541 | D:2      | Reached skill level 5 in Ranged Weapons
   541 | D:2      | Reached XP level 3. HP: 17/21 MP: 3/3
   960 | D:2      | 960 ||| READING 2 scrolls labelled VULICHU ACSUJ.
   961 | D:2      | 961 ||| READING 4 scrolls of identify.
   961 | D:2      | 961 ||| IDENTIFYING red potion
   962 | D:2      | 962 ||| READING 3 scrolls of identify.
   962 | D:2      | 962 ||| IDENTIFYING fizzy golden potion
   963 | D:2      | 963 ||| READING 2 scrolls of identify.
   963 | D:2      | 963 ||| IDENTIFYING metallic red potion
   964 | D:2      | 964 ||| DROPPING scroll of revelation.
  1021 | D:3      | Reached skill level 3 in Fighting
  1042 | D:3      | Reached XP level 4. HP: 27/28 MP: 4/4
  1098 | D:3      | Noticed Robin
  1116 | D:3      | Killed Robin
  1264 | D:3      | Found an ancient bone altar of Kikubaaqudgha.
  1267 | D:3      | Found a blossoming altar of Fedhas.
  1270 | D:3      | Found a white marble altar of Elyvilon.
  1273 | D:3      | Found a bloodstained altar of Trog.
  1483 | D:3      | Noticed Terence
  1492 | D:3      | Killed Terence
  1563 | D:3      | Reached XP level 5. HP: 28/32 MP: 5/5
  1689 | D:3      | 1689 ||| UPGRADING to +0 helmet.
  1694 | D:3      | 1694 ||| READING 2 scrolls labelled CASIDE CORA.
  1695 | D:3      | 1695 ||| READING scroll labelled GYRPHEPT ZUVA.
  1696 | D:3      | 1696 ||| DROPPING scroll of blinking.
  1731 | D:4      | Reached skill level 6 in Ranged Weapons
  1809 | D:4      | Noticed a black bear
  1818 | D:4      | Killed a black bear
  1819 | D:4      | Reached skill level 3 in Armour
  1819 | D:4      | Reached XP level 6. HP: 20/37 MP: 6/6
  1974 | D:4      | Noticed Sigmund
  1991 | D:4      | Killed Sigmund
  2591 | D:4      | Reached XP level 7. HP: 44/44 MP: 7/7
  2778 | D:4      | 2778 ||| UPGRADING to +0 ring mail.
  2788 | D:4      | 2788 ||| DROPPING +0 leather armour.
  2789 | D:4      | 2789 ||| UPGRADING to +0 pair of boots.
  2794 | D:4      | 2794 ||| UPGRADING to +0 robe of willpower.
  2804 | D:4      | 2804 ||| READING scroll labelled VUJA VOUCYGYLL.
  2808 | D:4      | 2808 ||| READING 2 scrolls of identify.
  2808 | D:4      | 2808 ||| IDENTIFYING fuming red potion
  2831 | D:5      | Entered Level 5 of the Dungeon
  2993 | D:5      | Found a transporter.
  2996 | D:5      | Noticed qw's ghost (novice GrHs)
  3232 | D:5      | HP: 10/44 [gnoll/+0 club (3)]
  3233 | D:5      | Reached skill level 7 in Ranged Weapons
  3233 | D:5      | 3233 ||| DRINKING potion of heal wounds.
  3275 | D:5      | 3275 ||| FLEEEEING.
  3471 | D:5      | 3471 ||| Stepping ~*~*~tactically~*~*~ (outnumbered).
  3485 | D:5      | HP: 8/44 [gnoll/+0 spear (7)]
  3488 | D:5      | Identified the +7 great sword of Ihiop {freeze, *Corrode
                  | rF++ Int+2}
  3490 | D:5      | Mangled by a gnoll

Levels and vault maps discovered:
D:1:      ebering_hopf_link, layout_rooms, hangedman_abyss_or_decor_stabs,
          minmay_tetromino_s2
D:2:      layout_basic, basic_altar
D:3:      layout_loops_ring, grunt_temple_overflow_cloverleaf,
          minmay_misc_feat_secret_circle, uniq_robin, uniq_terence
D:4:      layout_loops_corners, uniq_crazy_yiuf_cottage, uniq_sigmund
D:5:      lemuel_castle_with_subvaults [lemuel_castle_interior_carwin_3],
          layout_loops_corners, kennysheep_mini, zin_scriptorium,
          gammafunk_ghost_mausoleum

Skill      XL: |  1  2  3  4  5  6  7 |
---------------+----------------------+-----
Ranged Weapons | 5 6 7 |  7.9
Fighting       | 3 4 |  4.8
Armour         | 3 |  3.2
Dodging        | 2 |  2.0
Stealth        | |  1.1

Action                     |  1- 3 |  4- 6 |  7- 9 || total
---------------------------+-------+-------+-------++-------
   Fire: Shortbow          |    99 |   144 |   133 ||   376
    Use: Scroll            |     7 |     2 |     2 ||    11
         Potion            |     1 |       |     1 ||     2
 Armour: Leather armour    |    10 |    29 |       ||    39
         Robe              |       |       |    44 ||    44
  Dodge: Dodged            |    18 |    53 |    67 ||   138

Table legend:
 A = Non-vault XP
 B = Vault XP
 C = Vault XP percentage of total XP
 D = Non-vault monster count
 E = Vault monster count
 F = Vault count percentage of total count
                 A         B        C        D         E       F
            +---------+---------+-------+---------+---------+-------
      Total |     638 |     557 |  46.6 |      68 |      32 |  32.0
            +---------+---------+-------+---------+---------+-------
        D:1 |      21 |       4 |  16.0 |      13 |       2 |  13.3
        D:2 |      37 |       0 |   0.0 |      15 |       0 |   0.0
        D:3 |      33 |      71 |  68.3 |      12 |      14 |  53.8
        D:4 |     230 |     231 |  50.1 |      22 |       1 |   4.3
        D:5 |     317 |     251 |  44.2 |       6 |      15 |  71.4
            +---------+---------+-------+---------+---------+-------
